cohdb
Replays
Latest Replays
All Replays
Popular Replays
Top Player Replays
Match Explorer
How It Works
Community
CoH3 Stats
Reddit
Sign in to upload your games and track your stats! →
Sign in with Steam
Match 41585155
Unlisted
Match 41585155
Overview
Messages
Build Orders
End
250 Light Carrier
Selects Panzerjäger Kommand Battlegroup
Selects Mine Fields
Panzergrenadier Squad
Panzergrenadier Squad
Construct Light Support Kompanie
Fire Support Elements
Selects Mine Fields
Selects Early Warning
Veteran Squad Leaders
Forward Retreat Point
Construct Panzerarmee Kommand
Selects Butterfly Bomb Drop
Tungsten Core Ammunition
Rapid Advance
Panzer III L Medium Tank
Selects Tank Busters
Panzer III L Medium Tank
Butterfly Bomb Drop
Panzer III L Medium Tank
Panzer III L Medium Tank
Advanced Field Repairs
Selects Crew Shock Tactics
Butterfly Bomb Drop
Selects Elefant Tank Destroyer
Panzer III L Medium Tank
Eppels
MarcusLSW
侠客
NullPointer
Kakash
Warris LeBad
Ve'z man
Viperrexe
0
0
Comments
sign in to comment!
No comments posted yet!